 Dungeon Crawl Stone Soup version 0.28-a0-556-gab23d0e057 (webtiles) character file.

Game seed: 6955336095172168014

7249 lunkers the Thaumaturge (level 11, -5/85 HPs)
             Began as a Djinni Cinder Acolyte on Sept 28, 2021.
             Was a High Priest of Ignis.
             Shot with an arrow by a centaur (9 damage)
             ... on level 9 of the Dungeon.
             The game lasted 00:24:12 (14901 turns).

lunkers the Thaumaturge (Djinni Cinder Acolyte)    Turns: 14901, Time: 00:24:13

Health: -5/85      AC:  6    Str: 13    XL:     11   Next: 33%
Gold:   698        EV: 15    Int: 18    God:    Ignis [*****.] SH:  0 Dex: 10

rFire   + + .      SeeInvis .   g - +2 short sword (freeze)
rCold   . . .      Faith    .   (no shield)
rNeg    . . .      Spirit   .   x - +2 robe {Archmagi}
rPois   ∞          Reflect  .   (no helmet)
rElec   .          Harm     .   (no cloak)
rCorr   .          Rampage  .   b - +1 pair of gloves
Will    +....      Archmagi +   (boots unavailable)
Stlth   +.........              (no amulet)
HPRegen 0.24/turn               k - +4 ring of evasion
MPRegen 0.00/turn               j - ring of ice

@: about to teleport, flying
A: sickness immunity, fire resistance 2, cold vulnerability 1, float, innate
caster, hp casting, extra vitality 1
a: Renounce Religion, Sea of Fire, Foxfire Swarm, Rising Flame


You were on level 9 of the Dungeon.
You worshipped Ignis.
Ignis was extremely pleased with you.
You visited 1 branch of the dungeon, and saw 9 of its levels.
You also visited: Ossuary.

You collected 698 gold pieces.

Inventory:

Hand Weapons
 a - a -1 falchion of flaming
 e - a +1 dagger of electrocution
 g - a +2 short sword of freezing (weapon)
 l - a +2 dagger of pain
Missiles
 F - a throwing net
Armour
 b - a +1 pair of gloves (worn)
 o - +0 steam dragon scales
 x - a +2 robe of the Archmagi (worn)
Magical Staves
 D - a staff of earth
Jewellery
 j - a ring of ice (right hand)
 k - a +4 ring of evasion (left hand)
 A - a +6 ring of strength
Wands
 h - a wand of acid (10)
 u - a wand of flame (16)
 w - a wand of charming (7)
 E - a wand of polymorph (14)
Scrolls
 c - 3 scrolls of identify
 d - a scroll of enchant armour
 f - 4 scrolls of magic mapping
 m - a scroll of fear
 y - a scroll of silence
 B - a scroll of brand weapon
Potions
 i - 3 potions of heal wounds
 n - a potion of might
 p - 3 potions of attraction
 q - 6 potions of curing
 r - 2 potions of brilliance
 s - 2 potions of resistance
 t - a potion of haste
 v - 3 potions of lignification
 C - a potion of ambrosia


   Skills:
 + Level 10.2 Fighting
 - Level 2.6 Long Blades
 * Level 10.9 Spellcasting


You had 15 spell levels left.
You knew the following spells:

 Your Spells              Type           Power      Damage    Failure   Level
a - Metabolic Englaciati  Hex/Ice        42%        N/A       2%          5
b - Animate Skeleton      Necr           100%       N/A       1%          1
c - Confusing Touch       Hex            65%        N/A       1%          3
d - Summon Guardian Gole  Hex/Summ       65%        N/A       1%          3
e - Passwall              Tmut/Erth      54%        N/A       1%          2
p - Scorch                Fire           100%       2d10      1%          2
Your spell library was empty.

Dungeon Overview and Level Annotations

Branches:
Dungeon (9/15)             Temple (0/1) D:6         Ossuary (visited)
   Lair: D:8-11         Orc: D:9-12

Altars:
Gozag
Nemelex Xobeh
Sif Muna
Trog
Vehumet
Wu Jian
Yredelemnul
The Shining One

Annotations:
D:4 1 runed translucent door
D:6 2 runed translucent doors
D:9 Erolcha


Innate Abilities, Weirdness & Mutations

You are immune to sickness and miasma.
You are immune to poison.
Your flesh is very heat resistant. (rF++)
You are vulnerable to cold. (rC-)
You float through the air rather than walking.
You learn spells naturally, not from books.
Your magical power is your life essence.
You have superior vitality. (+4 HP)


Message History

The centaur zombie is no longer more vulnerable to fire.
The centaur wields a +0 shortbow.
The centaur shoots an arrow.
The arrow misses you. The centaur zombie misses you.
The centaur zombie barely misses you.
The centaur shoots an arrow.
The arrow hits you.
The centaur zombie hits you but does no damage.
The centaur zombie barely misses you.
Casting: Scorch (safe; 1% risk of failure)
Press: ? - help, Q - select action, (/) - cycle Dir - look around, f - activate You feel a surge of power!
Flames lash something.
The centaur shoots an arrow.
The arrow hits you.
The centaur zombie barely misses you. x2
Casting: Scorch (safe; 1% risk of failure)
Press: ? - help, Q - select action, (/) - cycle Dir - look around, f - activate You feel a surge of power!
Flames lash the centaur zombie.
The centaur zombie is severely damaged.
The centaur zombie's fire resistance burns away.
The centaur shoots an arrow.
The arrow hits you! The centaur zombie misses you.
The centaur zombie kicks you.
As you read the scroll of teleportation, it crumbles to dust.
You feel strangely unstable.
The centaur zombie hits you but does no damage.
The centaur zombie kicks you but does no damage.
The centaur shoots an arrow.
The arrow misses you. Something hits you!
* * * LOW HITPOINT WARNING * * *
The centaur zombie hits you.
* * * LOW HITPOINT WARNING * * *
The centaur zombie barely misses you.
Unknown command.
Casting: Scorch (safe; 1% risk of failure)
Press: ? - help, Q - select action, (/) - cycle Dir - look around, f - activate You feel a surge of power!
Flames lash something.
* * * LOW HITPOINT WARNING * * *
Something hits you!!
* * * LOW HITPOINT WARNING * * *
The centaur zombie hits you.
* * * LOW HITPOINT WARNING * * *
The centaur zombie kicks you but does no damage.
The centaur shoots an arrow.
The arrow hits you!
You die...

......O.........
##...............#
#...............#
#...............#
#...............# ..
#...............# ...
#.#####.........#####...
#.# #......#.Z........
#.# #).....#.@........ #.
#).....#......c... #.
#.)....#.......... #.
#......#..........
#.#####..(...#..........
##............#..........
..............#.........#
....####......#.........#
....# ##......#.........#


You could see a centaur and a centaur zombie (combustible).

Vanquished Creatures
  Erica (D:8)
  A two-headed ogre (D:8)
  A cyclops (D:8)
  Grinder (D:3)
  A hornet (D:5)
  A wyvern (D:7)
  6 yaks (D:8)
  Eustachio (D:5)
  A steam dragon (D:5)
  6 vampire mosquitoes
  2 water moccasins
  Duvessa (D:6)
  3 ice beasts
  2 black bears
  A sky beast (D:8)
  2 centaurs (D:7)
  An ogre (D:6)
  2 kobold brigands (D:7)
  Blork the orc (D:6)
  4 bullfrogs
  Dowan (D:6)
  2 howler monkeys
  6 wights
  2 centaur zombies
  2 bullfrog zombies (D:5)
  A centaur skeleton (D:5)
  A human zombie (D:4)
  3 jellies
  6 hounds
  A bullfrog skeleton (D:5)
  5 orc priests
  A gnoll shaman (D:9)
  A human skeleton (D:4)
  An iguana (D:5)
  9 orc wizards
  Natasha (thrice) (D:3)
  8 mummies (Ossuary)
  6 gnolls
  8 adders
  3 shadow imps
  A white imp (D:5)
  3 worms
  29 orcs
  7 ball pythons
  7 bats
  3 endoplasms
  2 gnoll zombies (Ossuary)
  9 goblins
  6 hobgoblins
  3 jackals (D:1)
  A quokka (D:1)
  3 frilled lizards
  A hobgoblin zombie (Ossuary)
  19 kobolds
  4 kobold zombies (Ossuary)
  An orc zombie (Ossuary)
  6 rats
214 creatures vanquished.

Notes
Turn   | Place    | Note
-------+----------+-------------------------------------------
     0 | D:1      | lunkers the Djinni Cinder Acolyte began the quest for the
                  | Orb.
     0 | D:1      | Reached XP level 1. HP: 20/20 MP: 0/0
   230 | D:1      | Reached XP level 2. HP: 16/25 MP: 0/0
  1368 | D:2      | Reached XP level 3. HP: 14/30 MP: 0/0
  1368 | D:2      | Learned a level 1 spell: Animate Skeleton
  1738 | D:2      | Reached XP level 4. HP: 11/35 MP: 0/0
  2648 | D:2      | Reached XP level 5. HP: 37/41 MP: 0/0
  2648 | D:2      | Learned a level 2 spell: Passwall
  3740 | D:3      | Noticed Grinder
  3762 | D:3      | Killed Grinder
  3763 | D:3      | Reached XP level 6. HP: 25/49 MP: 0/0
  3763 | D:3      | Reached XP level 7. HP: 27/53 MP: 0/0
  3763 | D:3      | Learned a level 3 spell: Confusing Touch
  3998 | D:3      | Noticed Natasha
  4003 | D:3      | Killed Natasha
  4151 | D:3      | Reached skill level 5 in Spellcasting
  4297 | D:3      | Noticed Natasha
  4302 | D:3      | Killed Natasha
  4303 | D:3      | Reached skill level 5 in Fighting
  4374 | D:3      | Noticed Natasha
  4392 | D:3      | Killed Natasha
  5052 | D:4      | Found a sand-covered staircase.
  5057 | Ossuary  | Entered an ossuary
  5612 | D:4      | Found a runed translucent door.
  5612 | D:4      | Noticed a human
  5613 | D:4      | Found a basalt altar of Yredelemnul.
  5621 | D:4      | Reached XP level 8. HP: 38/60 MP: 0/0
  6220 | D:4      | Found a bloodstained altar of Trog.
  6553 | D:5      | Entered Level 5 of the Dungeon
  6609 | D:5      | Noticed a hornet
  6615 | D:5      | Killed a hornet
  6771 | D:5      | Noticed Eustachio
  6777 | D:5      | Killed Eustachio
  7010 | D:5      | Reached XP level 9. HP: 12/67 MP: 0/0
  7010 | D:5      | Learned a level 3 spell: Summon Guardian Golem
  8123 | D:5      | Found a glowing golden altar of the Shining One.
  9121 | D:6      | Noticed Blork the orc
  9126 | D:6      | Killed Blork the orc
  9548 | D:6      | Found an ornate altar of the Wu Jian Council.
  9924 | D:6      | Noticed Duvessa
  9925 | D:6      | Noticed Dowan
  9930 | D:6      | Killed Duvessa
  9931 | D:6      | Reached XP level 10. HP: 68/76 MP: 0/0
  9932 | D:6      | Killed Dowan
 10001 | D:6      | Found a large runed translucent door.
 10003 | D:6      | Found a large runed translucent door.
 10100 | D:6      | Found a staircase to the Ecumenical Temple.
 11736 | D:7      | Found a sparkling altar of Nemelex Xobeh.
 11737 | D:7      | Found an opulent altar of Gozag.
 11954 | D:8      | Noticed a two-headed ogre
 11999 | D:8      | Killed a two-headed ogre
 12308 | D:8      | Noticed a cyclops
 12366 | D:8      | Killed a cyclops
 12367 | D:8      | Reached skill level 10 in Spellcasting
 13405 | D:8      | Reached XP level 11. HP: 58/84 MP: 0/0
 13405 | D:8      | Learned a level 5 spell: Metabolic Englaciation
 14121 | D:9      | Reached skill level 10 in Fighting
 14293 | D:9      | Noticed Erica
 14297 | D:9      | Noticed Erolcha
 14325 | D:8      | Killed Erica
 14901 | D:9      | HP: 4/85 [centaur zombie (3)]
 14901 | D:9      | Shot with an arrow by a centaur

Illustrated notes

Levels and vault maps discovered:
D:1:      beargit_arrival_greenhouse, layout_loops_ring,
          minmay_misc_feat_ornament
D:2:      minmay_skewed_foursquare, layout_basic, minmay_surrounded
D:3:      layout_rooms, kennysheep_small_spiral, kennysheep_generic_room_7,
          uniq_grinder, uniq_natasha
D:4:      layout_loops_ring, mainiacjoe_overflow_brackets,
          dk_yredelemnul_ordeal, serial_rivers, chequers_serial_rivers_micro_a,
          chequers_serial_rivers_micro_a, chequers_serial_rivers_room_a,
          chequers_serial_rivers_micro_d, chequers_serial_rivers_small_3,
          chequers_serial_rivers_micro_a, lightli_ossuary_entry_decrepit_ruins
D:5:      layout_loops_ring, vehumet_crystals, nicolae_tso_carved_into_rock,
          grunt_tough_drop, uniq_eustachio
D:6:      layout_loops_corners, kennysheep_mini, jmf_multi_god_temple2,
          minmay_temple_entry_proselytizer, uniq_duvessa, uniq_blork_the_orc
D:7:      layout_rooms, grunt_temple_overflow_opulence
D:8:      layout_loops_corners, minmay_bent
D:9:      layout_long_grid, mainiacjoe_overflow_catwalk_spiral, uniq_erolcha,
          uniq_erica

Skill      XL: |  1  2  3  4  5  6  7  8  9 10 11 |
---------------+----------------------------------+-----
Spellcasting   | 3 4 5 7 8 10 | 10.9
Fighting       | 4 5 6 8 9 10 | 10.2
Long Blades    | |  2.6

Action                   |  1- 3 |  4- 6 |  7- 9 | 10-12 || total
-------------------------+-------+-------+-------+-------++-------
Melee: Falchion          |    64 |       |       |       ||    64
       Short sword       |       |       |     4 |       ||     4
 Cast: Scorch            |    18 |    47 |   211 |   187 ||   463
       Passwall          |       |       |     1 |       ||     1
       Summon Guardian G |       |       |       |     3 ||     3
Evoke: Wand              |       |     4 |       |     8 ||    12
  Use: Scroll            |       |       |    15 |     7 ||    22
Armor: Robe              |    22 |     3 |     2 |    21 ||    48
       Steam dragon scal |       |       |     7 |       ||     7
Dodge: Dodged            |    58 |     8 |    63 |    81 ||   210

Table legend: (Time is in decaauts)
 A = Elapsed time spent in this place.
 B = Non-inter-level travel time spent in this place.
 C = Inter-level travel time spent in this place.
 D = Time resting spent in this place.
 E = Time spent auto-exploring this place.
 F = Levels seen in this place.
 G = Mean time per level.
                   A        B        C        D        E       F      G
               +--------+--------+--------+--------+--------+-----+--------+
         Total |  14950 |  14730 |    220 |   2135 |  10874 |  10 | 1495.0 |
       Dungeon |  14426 |  14206 |    220 |   2135 |  10430 |   9 | 1602.9 |
       Ossuary |    524 |    524 |      0 |      0 |    444 |   1 |  524.0 |
               +--------+--------+--------+--------+--------+-----+--------+

Top non-repeatable levels by time:
     D:8: 2520 daAuts
     D:5: 2404 daAuts
     D:2: 2263 daAuts
     D:6: 1763 daAuts
     D:3: 1410 daAuts
     D:1: 1290 daAuts
     D:7: 1143 daAuts
     D:4: 1072 daAuts
     D:9: 556 daAuts
 Ossuary: 524 daAuts
